 Dungeon Crawl Stone Soup version 0.18.1-8-gdd0e5ea (webtiles) character file.

784 Gargoyl the Covered (level 7, -6/55 HPs)
             Began as a Demonspawn Abyssal Knight on June 4, 2016.
             Was a Priest of Lugonu.
             Splashed by a jelly's acid (7 damage)
             ... on level 5 of the Dungeon.
             The game lasted 00:09:24 (4739 turns).

Gargoyl the Covered (Demonspawn Abyssal Knight)     Turns: 4739, Time: 00:09:30

Health: -6/55      AC: -7    Str: 14    XL:     7   Next: 55%
Magic:  11/11      EV: 14    Int: 14    God:    Lugonu [***...]
Gold:   247        SH:  5    Dex:  8    Spells: 0 memorised, 6 levels left

rFire  . . .     SeeInvis .     a - +2 hand axe
rCold  . . .     Gourm    .     y - +2 ring mail {rPois}
rNeg   . . .     Faith    .     (no shield)
rPois  +         Spirit   .     q - +0 helmet
rElec  .         Dismiss  .     t - +1 cloak
rCorr  .         Reflect  +     (no gloves)
SustAt .         Harm     .     (no boots)
MR     +....                    e - +5 amulet of reflection
Stlth  +.........               i - ring of protection from magic
                                g - -4 ring of dexterity (curse)

@: corroded, somewhat resistant to hostile enchantments, very unstealthy
A: hooves 1, repulsion field 2, deformed body, high mp 1, nightstalker 1,
screaming 1
a: Depart the Abyss, Bend Space, Banish, Renounce Religion


You were on level 5 of the Dungeon.
You worshipped Lugonu.
Lugonu was most pleased with you.
You were not hungry.

You visited 1 branch of the dungeon, and saw 5 of its levels.
You visited the Abyss 1 time.

You collected 247 gold pieces.

Inventory:

Hand Weapons
 a - a +2 hand axe (weapon)
 r - a +0 flail
Missiles
 s - 7 tomahawks (quivered)
Armour
 q - a +0 helmet (worn)
 t - a +1 cloak (worn)
 y - a +2 ring mail of poison resistance (worn)
Jewellery
 e - a +5 amulet of reflection (around neck)
 g - a cursed -4 ring of dexterity (left hand)
 i - a ring of protection from magic (right hand)
 l - an uncursed ring of poison resistance
 u - a cursed ring of loudness {unknown}
Wands
 w - a wand of iceblast (2/15)
Scrolls
 j - 4 scrolls of recharging
 m - 2 scrolls of enchant weapon
 n - a scroll of teleportation
Potions
 b - a potion of flight
 k - a potion of degeneration {unknown}
 p - a potion of curing
Books
 f - a book of Flames

   Spells                             Type                      Level
   a - Flame Tongue                   Conjuration/Fire             1
   b - Throw Flame                    Conjuration/Fire             2
   c - Conjure Flame                  Conjuration/Fire             3
   d - Inner Flame                    Hexes/Fire                   3
   e - Sticky Flame                   Conjuration/Fire             4
   f - Fireball                       Conjuration/Fire             5
Comestibles
 c - 4 bread rations
 d - 3 meat rations
 h - 2 chunks of flesh
 x - 2 slices of pizza
 z - a beef jerky


   Skills:
 * Level 4.6 Fighting
 + Level 3.2 Axes
 * Level 4.7 Armour
 + Level 3.8 Dodging
 + Level 0.2 Stealth
 * Level 4.2 Invocations


You had 6 spell levels left.
You didn't know any spells.

Dungeon Overview and Level Annotations

Branches:
Dungeon (5/15)
 Temple: D:4-7

Altars:
Trog


Innate Abilities, Weirdness & Mutations

You have large cloven feet.
You are surrounded by a moderate repulsion field (EV +3).
You are slightly more attuned to the shadows.
Armour fits poorly on your strangely shaped body.
You have an increased reservoir of magic (+10% MP).
You occasionally shout uncontrollably at your foes.


Message History

You hit the jelly.
Your hands burn!
The jelly is severely wounded.
The jelly hits you.
You are splashed with acid!
The acid corrodes you!
The acid burns!
The jelly hits you.
You are splashed with acid!
The acid burns!
* * * LOW HITPOINT WARNING * * *
You hit the jelly but do no damage.
Your hands burn!
* * * LOW HITPOINT WARNING * * *
The jelly is severely wounded.
The jelly misses you.
You barely miss the jelly.
The jelly is severely wounded.
You block the jelly's attack.
You hit the jelly but do no damage. The acid corrodes you!
Your hands burn!
* * * LOW HITPOINT WARNING * * *
You kick the jelly, but do no damage.
The jelly is severely wounded.
The jelly hits you.
* * * LOW HITPOINT WARNING * * *
You are splashed with acid!
The acid corrodes you!
The acid burns!
You die...

..####### ........# ......>.# ..
... ..##....# ..###+#...
..##....# .........
..##....#######........
...#.....#....#........
...#.....#....#........
...#.....#....'.@J........
..##.....#....#...........######
..##.....#....#.....(.....#....#
.........#....#...........#....#
...>....##....#...........#....#
..##....##....######......#....#
..##....##.........'.....(#....#
...#...............#......#..(.#
...#...............#......#....#


You could see a jelly.

Vanquished Creatures
  Eustachio (D:4)
  A sky beast (D:5)
  An ogre (D:4)
  2 howler monkeys
  Crazy Yiuf (D:3)
  4 orc wizards
  Jessica (D:2)
  A worker ant zombie (D:4)
  6 adders
  3 oozes
  An adder skeleton (D:5)
  A worm (D:2)
  4 dart slugs
  2 giant geckos
  14 orcs
  2 giant cockroaches
  4 goblins
  14 hobgoblins
  13 jackals
  3 quokkas
  A ball python (D:1)
  10 bats
  2 giant newts
  5 kobolds
  A rat (D:1)
98 creatures vanquished.

Vanquished Creatures (others)
  A wizard (D:4)
  A crimson imp (D:5)
  An orc wizard (D:5)
  3 jackals (D:5)
  A quokka (D:5)
7 creatures vanquished.

Grand Total: 105 creatures vanquished

Notes
Turn   | Place    | Note
--------------------------------------------------------------
     0 | Abyss:1  | Gargoyl the Demonspawn Abyssal Knight began the quest for the Orb.
     0 | Abyss:1  | Reached XP level 1. HP: 18/18 MP: 2/2
    78 | Abyss:2  | Noticed a flying skull
    81 | D:1      | Escaped the Abyss
   126 | D:1      | Reached skill level 1 in Dodging
   202 | D:1      | Reached * piety under Lugonu
   202 | D:1      | Gained mutation: You are surrounded by a mild repulsion field (EV +2). [demonic ancestry]
   202 | D:1      | Reached XP level 2. HP: 11/24 MP: 3/3
  1000 | D:2      | Reached XP level 3. HP: 29/29 MP: 5/5
  1290 | D:2      | Noticed Jessica
  1298 | D:2      | Killed Jessica
  1309 | D:2      | Reached XP level 4. HP: 35/35 MP: 6/6
  1367 | D:2      | Reached ** piety under Lugonu
  2036 | D:2      | Gained mutation: You have large cloven feet. [demonic ancestry]
  2036 | D:2      | Reached XP level 5. HP: 37/41 MP: 7/7
  2761 | D:3      | Reached *** piety under Lugonu
  2784 | D:3      | Noticed Crazy Yiuf
  2791 | D:3      | Killed Crazy Yiuf
  3263 | D:4      | Gained mutation: You are slightly more attuned to the shadows. [demonic ancestry]
  3263 | D:4      | Reached XP level 6. HP: 44/48 MP: 8/8
  3264 | D:4      | Noticed Eustachio
  3655 | D:4      | Killed Eustachio
  3871 | D:4      | Found a bloodstained altar of Trog.
  3875 | D:4      | Noticed a wizard
  3881 | D:4      | Killed a wizard
  3960 | D:4      | Gained mutation: You are surrounded by a moderate repulsion field (EV +3). [demonic ancestry]
  3960 | D:4      | Reached XP level 7. HP: 54/54 MP: 9/9
  4188 | D:5      | Entered Level 5 of the Dungeon
  4478 | D:5      | Gained mutation: You occasionally shout uncontrollably at your foes. [mutagenic meat]
  4479 | D:5      | Gained mutation: You expend magic power (3 MP) to strengthen your wands. [mutagenic meat]
  4480 | D:5      | Gained mutation: You have an increased reservoir of magic (+10% MP). [mutagenic meat]
  4482 | D:5      | Gained mutation: Armour fits poorly on your strangely shaped body. [mutagenic meat]
  4483 | D:5      | Lost mutation: You expend magic power (3 MP) to strengthen your wands. [mutagenic meat]
  4739 | D:5      | HP: 2/55 [acid (4)]
  4739 | D:5      | Splashed by a jelly's acid

Skill      XL: |  1  2  3  4  5  6  7 |
---------------+----------------------+-----
Armour         | 2 3 4 |  4.7
Dodging        | 1 2 3 |  3.8
Axes           | 2 3 |  3.2
Invocations    | 3 4 |  4.2
Fighting       | 4 |  4.6
Stealth        | |  0.2

Action                   |  1- 3 |  4- 6 |  7- 9 || total
-------------------------+-------+-------+-------++-------
Melee: Hand axe          |   109 |   259 |   106 ||   474
       Kick              |       |    23 |    20 ||    43
Invok: Depart the Abyss  |     1 |       |       ||     1
       Banish            |       |       |     1 ||     1
  Use: Scroll            |     7 |     4 |       ||    11
       Potion            |       |       |     5 ||     5
  Eat: Fruit             |     4 |     3 |       ||     7
       Chunk             |       |     4 |    10 ||    14
Armor: Ring mail         |    49 |   121 |    41 ||   211
Dodge: Dodged            |    70 |   255 |    82 ||   407
Block: Other             |       |    64 |    39 ||   103
       Reflection        |       |     1 |       ||     1
